[Event "*** Qualifier 4: Titled Tuesday 3|2 Blitz"]
[Site "Chess.com"]
[Date "2017.04.25"]
[Round "9"]
[White "IIIlllII1llIl"]
[Black "Indianlad"]
[Result "1-0"]
[WhiteElo "2560"]
[BlackElo "2686"]
[TimeControl "180+2"]
[EndTime "14:53:20 PDT"]
[Termination "IIIlllII1llIl won by resignation"]

1. e4 c5 2. c3 d5 3. exd5 Nf6 4.
Qa4+ Nbd7 5. c4 a6 6. Nc3 g6 7. Nf3 Bg7 8. Be2 b5 9. cxb5 Nb6 10. Qa3 O-O 11. bxa6 c4 12. a7 Nfxd5 13. O-O Bb7 14. Rd1 Nf4 15. d4 cxd3 16. Bxf4 dxe2 17. Rxd8 Rfxd8 18. Nxe2 Nc4 19. Qxe7 Bd5 20. Bb8 Rdxb8 21. axb8=Q+ Rxb8 22. Nf4 Bxf3 23. gxf3 Ne5 24. Kg2 h5 25. Rc1 Rxb2 26.
Ne6 Bh6 27. Rc8+ Kh7 28. Qf6 Rxf2+ 29. Kxf2 1-0

[Event "*** Qualifier 4: Titled Tuesday 3|2 Blitz"]
[Site "Chess.com"]
[Date "2017.04.25"]
[Round "9"]
[White "jcgs1030"]
[Black "L3on4rdo"]
[Result "0-1"]
[WhiteElo "2265"]
[BlackElo "2393"]
[TimeControl "180+2"]
[EndTime "14:53:34 PDT"]
[Termination "L3on4rdo won by resignation"]

1. e4 c5 2. Nf3 Nc6 3. Bb5 e6 4.
O-O Nge7 5. Re1 a6 6. Bf1 d5 7. exd5 Nxd5 8. d4 Be7 9. dxc5 Bxc5 10. c4 Nf6 11. a3 Qxd1 12. Rxd1 Ne4 13. Be3 Bxe3 14.
fxe3 a5 15. Nbd2 Nc5 16. Nd4 a4 17. Nxc6 bxc6 18. g3 Bd7 19. Bg2 Rb8 20. Rab1 Ke7 21. Ne4 Nxe4 22. Bxe4 c5 23. Rd2 Rhc8 24. Rf1 Bc6 25.
Bxc6 Rxc6 26. Rff2 Rb3 27. Rfe2 Rd6 28. Kf2 Rdd3 29. Rxd3 Rxd3 30. Rc2 Kd6 31. Ke2 Rb3 32. Rd2+ Ke5 33. Kf3 h5 34. h4 f6 35. Rd7 g5 36.
hxg5 fxg5 37. Rd2 g4+ 38. Kf2 Ke4 39. Rc2 Kd3 40. Re2 e5 41. e4 Kxc4 42. Rd2 Rd3 43.
Rxd3 Kxd3 0-1

[Event "*** Qualifier 4: Titled Tuesday 3|2 Blitz"]
[Site "Chess.com"]
[Date "2017.04.25"]
[Round "9"]
[White "LawrenceTrent"]
[Black "MasterLeif"]
[Result "0-1"]
[WhiteElo "2397"]
[BlackElo "2325"]
[TimeControl "180+2"]
[EndTime "14:53:48 PDT"]
[Termination "MasterLeif won by checkmate"]

1. e4 e5 2. Nf3 Nc6 3. Bc4 Bc5 4.
c3 Nf6 5. d4 exd4 6. b4 Bb6 7. e5 Ne4 8. b5 d5 9. Bd3 Ne7 10.
cxd4 Bg4 11. Be3 O-O 12. h3 Bh5 13. O-O Nf5 14. g4 Nxe3 15. fxe3 Bg6 16. Kg2 f6 17. Qc2 fxe5 18. Nxe5 Qh4 19. Nxg6 Qg3+ 20. Kh1 Qxh3+ 21.
Kg1 Qxe3+ 22. Kh1 hxg6 23. Rxf8+ Rxf8 24. Bxe4 Qh3+ 25. Qh2 Rf1# 0-1

[Event "*** Qualifier 4: Titled Tuesday 3|2 Blitz"]
[Site "Chess.com"]
[Date "2017.04.25"]
[Round "9"]
[White "TregubovP"]
[Black "EgorGeroev"]
[Result "0-1"]
[WhiteElo "2356"]
[BlackElo "2589"]
[TimeControl "180+2"]
[EndTime "14:54:10 PDT"]
[Termination "EgorGeroev won by resignation"]

1. d4 d5 2. c4 e5 3. dxe5 d4 4. a3 Nc6 5. Nf3 Nge7 6. g3 Ng6 7.
Bg2 Ngxe5 8. O-O Nxc4 9. Bf4 Be7 10. b3 Nb6 11. b4 a6 12. Nbd2 g5 13. Be5 f6 14.
Nxg5 Nxe5 15. Nge4 O-O 16. Nb3 d3 17. exd3 Qxd3 18. Nbd2 Bg4 19. f3 Bh5 20. Rc1 c6 21.
Kh1 Rad8 22. Qe1 Nd5 23. f4 Ng4 24. Bf3 f5 25. h3 fxe4 26. Bxe4 Qe3 27. hxg4 Qxe1 28. Rcxe1 Bxg4 29. Nc4 Bf6 30. Kg2 Rfe8 31. Kh2 Bc3 32. Bxd5+ cxd5 33. Rxe8+ Rxe8 0-1

[Event "*** Qualifier 4: Titled Tuesday 3|2 Blitz"]
[Site "Chess.com"]
[Date "2017.04.25"]
[Round "9"]
[White "GM_Huschenbeth"]
[Black "feigelag"]
[Result "1-0"]
[WhiteElo "2383"]
[BlackElo "2327"]
[TimeControl "180+2"]
[EndTime "14:54:13 PDT"]
[Termination "GM_Huschenbeth won by resignation"]

1. e4 c6 2. d4 d5 3. e5 Bf5 4. Nf3 e6 5. Be2 a6 6. O-O c5 7. Be3 Nd7 8. c4 Ne7 9. Nc3 dxc4 10.
Bxc4 Nc6 11. Bb3 cxd4 12. Nxd4 Nxd4 13. Bxd4 Bc5 14. Bxc5 Nxc5 15. Qf3 Nxb3 16. axb3 O-O 17.
Qxb7 Qb8 18. Qxb8 Rfxb8 19. Ra3 Rb4 20. Rfa1 Bd3 21. Rd1 Bc2 22. Rd2 Bxb3 23. Rxa6 Rc8 24. Rad6 h6 25. g3 Bc4 26. Rd8+ Rxd8 27. Rxd8+ Kh7 28. Rd4 Kg6 29. b3 1-0

[Event "*** Qualifier 4: Titled Tuesday 3|2 Blitz"]
[Site "Chess.com"]
[Date "2017.04.25"]
[Round "9"]
[White "politeplayer"]
[Black "Gordima"]
[Result "0-1"]
[WhiteElo "2184"]
[BlackElo "2510"]
[TimeControl "180+2"]
[EndTime "14:54:15 PDT"]
[Termination "Gordima won by resignation"]

1. e4 g6 2. d4 Bg7 3. Nc3 d6 4. f4 a6 5. Nf3 b5 6. e5 Bb7 7. e6 fxe6 8. Ng5 Qd7 9. Qg4 Nh6 10. Qxe6 Bxd4 11. Nd5 c6 12. Be3 Bxb2 13. Rb1 Qxe6 14. Nc7+ Kd7 15. Ngxe6 Bc3+ 16. Kd1 Nf5 17. Bf2 c5 18.
Bd3 Ra7 19. Rg1 Rc8 20. g4 Nd4 21. Nxd4 Bxd4 22. Bxd4 cxd4 23. Bxb5+ axb5 24. Nxb5 Bf3+ 25. Kd2 Rb7 26. Nxd4 Rxb1 27. Rxb1 Bxg4 28. Rb7+ Kd8 29.
Rxb8 Rxb8 30. Nc6+ Kc7 31. Nxb8 Kxb8 0-1

[Event "*** Qualifier 4: Titled Tuesday 3|2 Blitz"]
[Site "Chess.com"]
[Date "2017.04.25"]
[Round "9"]
[White "abubakrtagelsir"]
[Black "theprosecution1"]
[Result "0-1"]
[WhiteElo "2162"]
[BlackElo "2609"]
[TimeControl "180+2"]
[EndTime "14:54:17 PDT"]
[Termination "theprosecution1 won by resignation"]

1. e4 c5 2. Nc3 Nc6 3. f4 g6 4.
Nf3 Bg7 5. Bb5 Nd4 6. O-O a6 7.
Bc4 b5 8. Bd5 Ra7 9. d3 e6 10.
Bb3 d5 11. exd5 exd5 12. Nxd4 Bxd4+ 13. Kh1 c4 14. Nxd5 cxb3 15. c4 Nf6 16. Qe2+ Kf8 17. f5 Nxd5 18. Bh6+ Kg8 19. cxd5 Bxf5 20. Rae1 Ra8 21.
g4 Qxd5+ 22. Rf3 Be6 23. axb3 Bg7 24. Bxg7 Kxg7 25. Kg1 Rhe8 26. Re3 Kg8 27. h3 Qxb3 28. Qf3 Rad8 29. h4 Qd5 30. Qf4 Qd4 31. Qf2 Qxg4+ 0-1

[Event "*** Qualifier 4: Titled Tuesday 3|2 Blitz"]
[Site "Chess.com"]
[Date "2017.04.25"]
[Round "9"]
[White "Marcus_Harvey"]
[Black "matiss90"]
[Result "1-0"]
[WhiteElo "2503"]
[BlackElo "2308"]
[TimeControl "180+2"]
[EndTime "14:54:17 PDT"]
[Termination "Marcus_Harvey won by resignation"]

1. e4 c5 2. c3 Nf6 3. e5 Nd5 4.
d4 cxd4 5. Nf3 Nc6 6. Bc4 Nb6 7. Bb3 g6 8. O-O Bg7 9. cxd4 O-O 10. Nc3 d6 11. e6 fxe6 12. Re1 Kh8 13. a4 a5 14. Bg5 Nd5 15. Nxd5 exd5 16. Bxd5 Bg4 17. Bxc6 bxc6 18. Bxe7 Qd7 19. Bxf8 Rxf8 20. Re3 Bxf3 21. Rxf3 Rxf3 22. Qxf3 c5 23. dxc5 dxc5 24. Rd1 Qe7 25. b3 Bd4 26. g3 Kg7 27. Kg2 h5 28. h4 Qe6 29. Rd2 Kh6 30. Qf4+ Kg7 31. Rxd4 cxd4 32.
Qxd4+ Kh6 33. Qd2+ Kh7 34. Qxa5 Qxb3 35. Qc7+ Kh6 36. Qf4+ Kh7 37. Qe4 Qa2 38. Qc6 Kg7 39. Qc7+ Kh6 40. a5 Qd5+ 41. Kh2 g5 42. Qb6+ Kh7 43. hxg5 Qxg5 44. a6 h4 45. Qc7+ Kg6 46. a7 Qd5 47. gxh4 Kh5 48. Qf4 1-0

[Event "*** Qualifier 4: Titled Tuesday 3|2 Blitz"]
[Site "Chess.com"]
[Date "2017.04.25"]
[Round "9"]
[White "arna"]
[Black "stepanosinovsky"]
[Result "1-0"]
[WhiteElo "2076"]
[BlackElo "2229"]
[TimeControl "180+2"]
[EndTime "14:54:52 PDT"]
[Termination "arna won by checkmate"]

1. e4 g6 2. d4 Bg7 3. Nc3 c5 4.
dxc5 Na6 5. Be3 Qa5 6. Bd4 e5 7.
Be3 Nxc5 8. Qd5 d6 9. Bb5+ Ke7 10.
Bxc5 dxc5 11. Qxc5+ Kf6 12. Nf3 Be6 13. Qxe5+ Ke7 14.
Qxg7 Nf6 15. O-O a6 16. Nd5+ Nxd5 17. exd5 Bxd5 18. Rfe1+ Be6 19. Bc4 Rhg8 20. Rxe6+ Kd8 21. Qxg8+ Kc7 22. Qxf7+ Kb8 23. Re7 Ka7 24. Rxb7# 1-0

[Event "*** Qualifier 4: Titled Tuesday 3|2 Blitz"]
[Site "Chess.com"]
[Date "2017.04.25"]
[Round "9"]
[White "nonscitis"]
[Black "PowerThinking2650"]
[Result "0-1"]
[WhiteElo "2336"]
[BlackElo "2313"]
[TimeControl "180+2"]
[EndTime "14:55:21 PDT"]
[Termination "PowerThinking2650 won by resignation"]

1. e4 e5 2. Nf3 Nc6 3. d4 exd4 4.
Bc4 Nf6 5. e5 d5 6. Bb5 Ne4 7.
Nxd4 Bd7 8. Bxc6 bxc6 9. O-O Bc5 10. f3 Ng5 11. f4 Ne4 12. Be3 Bb6 13. Nd2 Nxd2 14.
Qxd2 O-O 15. Nb3 f6 16. c3 fxe5 17. fxe5 Qe7 18. Rfe1 Bf5 19. Nd4 Bxd4 20. cxd4 Be4 21. Rf1 c5 22. dxc5 Qxe5 23. Bd4 Qh5 24. c6 Qg6 25. Rxf8+ Rxf8 26. Rc1 Rf5 27. Bxa7 Rg5 28. g3 Rxg3+ 29. hxg3 Qxg3+ 30. Kf1 Bd3+ 31. Qxd3 Qxd3+ 32. Ke1 d4 33. Bc5 Qe4+ 34. Kd2 Qxc6 35. Bxd4 Qd5 36. Ke3 Qg5+ 0-1

[Event "*** Qualifier 4: Titled Tuesday 3|2 Blitz"]
[Site "Chess.com"]
[Date "2017.04.25"]
[Round "9"]
[White "Gabrielian_Artur"]
[Black "indfraeng"]
[Result "1-0"]
[WhiteElo "2549"]
[BlackElo "1800"]
[TimeControl "180+2"]
[EndTime "14:55:34 PDT"]
[Termination "Gabrielian_Artur won by checkmate"]

1. d4 Nf6 2. c4 c5 3. d5 e6 4. Nc3 exd5 5. cxd5 d6 6. Nf3 g6 7. Bf4 Bg7 8. Qa4+ Bd7 9. Qb3 Qc7 10. e4 O-O 11.
Nd2 Re8 12. Be2 a5 13. O-O a4 14. Qc2 Na6 15. a3 Rab8 16. Nc4 Bf8 17. Bg5 Bg7 18.
e5 dxe5 19. d6 Qd8 20. Nd5 b5 21. Ne7+ Rxe7 22. dxe7 Qxe7 23. Ne3 b4 24. Nd5 Qe6 25.
Nxf6+ Bxf6 26. Bxf6 Qxf6 27. axb4 cxb4 28. Bxa6 Qxa6 29.
Qc7 Rb7 30. Qxe5 a3 31. bxa3 bxa3 32. Rfc1 a2 33. h3 Qe6 34. Qa5 Rb2 35. Qc3 Qe3 36. Qxe3 Rb1 37. Rcxb1 axb1=Q+ 38. Rxb1 Be6 39. Qe5 Bc8 40. Rb8 f6 41. Rxc8+ Kf7 42. Qe8+ Kg7 43. Qf8# 1-0

[Event "*** Qualifier 4: Titled Tuesday 3|2 Blitz"]
[Site "Chess.com"]
[Date "2017.04.25"]
[Round "9"]
[White "Enzy63"]
[Black "cailinchetty"]
[Result "1-0"]
[WhiteElo "2013"]
[BlackElo "1939"]
[TimeControl "180+2"]
[EndTime "14:55:34 PDT"]
[Termination "Enzy63 won by resignation"]

1. d4 Nf6 2. Nf3 g6 3. c4 Bg7 4. g3 d6 5. Bg2 O-O 6. O-O c6 7. Nc3 Nbd7 8. e4 e5 9. b3 exd4 10. Nxd4 Nc5 11. f3 Qb6 12. Be3 Qc7 13. Qc2 Re8 14.
Rfe1 Ne6 15. Rad1 Nxd4 16. Bxd4 Be6 17. h3 Nh5 18. Qf2 Bxd4 19. Rxd4 a5 20. Red1 Red8 21.
f4 a4 22. Nxa4 b5 23. Nc3 bxc4 24. bxc4 Ra3 25. R1d3 Ng7 26. c5 Ne8 27. f5 Bc8 28. cxd6 Rxd6 29. Rxd6 Nxd6 30. Qc5 Rxc3 31. Rxc3 gxf5 32.
e5 Ne4 33. Bxe4 fxe4 34. Qxc6 Qa7+ 35. Qc5 Qxa2 36. Qxc8+ Kg7 1-0

[Event "*** Qualifier 4: Titled Tuesday 3|2 Blitz"]
[Site "Chess.com"]
[Date "2017.04.25"]
[Round "9"]
[White "yurisolo"]
[Black "Shivagami"]
[Result "1-0"]
[WhiteElo "2490"]
[BlackElo "1981"]
[TimeControl "180+2"]
[EndTime "14:55:42 PDT"]
[Termination "yurisolo won by resignation"]

1. e4 e5 2. Nf3 Nc6 3. Bb5 a6 4.
Ba4 Nf6 5. O-O Be7 6. Re1 b5 7.
Bb3 d6 8. c3 O-O 9. h3 Nb8 10.
Bc2 Bb7 11. d4 Nbd7 12. Nbd2 Re8 13. a4 Bf8 14. Bd3 c6 15. Qc2 Nb6 16. b3 Rb8 17.
Ba3 Ba8 18. Rad1 Qc7 19. Bf1 Nbd7 20. c4 bxa4 21. bxa4 c5 22. d5 Qa5 23. Ra1 Nb6 24. Bb2 Nbd7 25. Bc3 Qc7 26. Nb3 Nb6 27. Na5 g6 28. Bd3 Bh6 29. Reb1 Nh5 30. g3 Ng7 31.
Rb2 Nd7 32. Rab1 Rxb2 33. Rxb2 Rb8 34. Kg2 Rxb2 35. Qxb2 Nb6 36. Qb3 f5 37. exf5 gxf5 38. Nh4 e4 39. Be2 f4 40. gxf4 Bxf4 41. Bg4 Bg5 42.
Bxg7 Bxh4 43. Bb2 Qf7 44. Be6 1-0

[Event "*** Qualifier 4: Titled Tuesday 3|2 Blitz"]
[Site "Chess.com"]
[Date "2017.04.25"]
[Round "9"]
[White "amaidel"]
[Black "rasool78"]
[Result "0-1"]
[WhiteElo "2380"]
[BlackElo "2242"]
[TimeControl "180+2"]
[EndTime "14:55:44 PDT"]
[Termination "rasool78 won by resignation"]

1. Nf3 g6 2. e4 Bg7 3. d4 c5 4.
dxc5 Qa5+ 5. c3 Qxc5 6. Be2 d6 7.
O-O Nf6 8. Be3 Qc7 9. Nbd2 Nbd7 10. h3 O-O 11. Re1 b6 12. Nd4 Bb7 13. f3 a6 14.
c4 Nc5 15. Rc1 e5 16. N4b3 a5 17. Nxc5 dxc5 18. Nf1 Nd7 19. Bf2 f5 20. exf5 gxf5 21. Ne3 e4 22. Nd5 Qe5 23. f4 Qd6 24. Bh4 Bxd5 25.
Qxd5+ Qxd5 26. cxd5 Bxb2 27. Rb1 Bd4+ 28. Kf1 Rab8 29.
Be7 Rf7 30. d6 Rxe7 31. dxe7 Kf7 32. g4 Kxe7 33. gxf5 Rg8 34. Bg4 e3 35. Ke2 h5 36.
Bxh5 Rg2+ 37. Kf3 Rxa2 38. Re2 Rxe2 39. Kxe2 a4 40. f6+ Nxf6 41. Rxb6 Nxh5 42. Ra6 Nxf4+ 43. Ke1 Bc3+ 44. Kd1 e2+ 45. Kc2 e1=Q 0-1

[Event "*** Qualifier 4: Titled Tuesday 3|2 Blitz"]
[Site "Chess.com"]
[Date "2017.04.25"]
[Round "9"]
[White "swayamsm"]
[Black "jcibarra"]
[Result "0-1"]
[WhiteElo "2430"]
[BlackElo "2674"]
[TimeControl "180+2"]
[EndTime "14:55:45 PDT"]
[Termination "jcibarra won by checkmate"]

1. d4 d5 2. c4 c6 3. Nf3 Nf6 4.
e3 Bf5 5. Bd3 Bxd3 6. Qxd3 e6 7.
O-O Bd6 8. Nbd2 O-O 9. e4 dxe4 10.
Nxe4 Nxe4 11. Qxe4 Nd7 12. Bg5 Qa5 13. a3 h6 14. Be3 Rfe8 15. b4 Qa6 16. c5 Bc7 17. Rfd1 Rad8 18. Qg4 Nf6 19. Qh4 Rd5 20. g4 Qe2 21. Kg2 g5 22. Qh3 h5 23. Nxg5 Nxg4 24. Ne4 Rf5 25. Rd2 Qc4 26. Re1 Qd5 27. f3 Nxe3+ 28.
Rxe3 Bf4 29. Kf2 Bxe3+ 30. Kxe3 Kh8 31. Qh4 Rg8 32. Nf6 Qxf3# 0-1

[Event "*** Qualifier 4: Titled Tuesday 3|2 Blitz"]
[Site "Chess.com"]
[Date "2017.04.25"]
[Round "9"]
[White "LyonBeast"]
[Black "GGuseinov"]
[Result "1/2-1/2"]
[WhiteElo "2813"]
[BlackElo "2741"]
[TimeControl "180+2"]
[EndTime "14:56:09 PDT"]
[Termination "Game drawn by repetition"]

1. e4 c5 2. Nf3 g6 3. d4 cxd4 4.
Qxd4 Nf6 5. Bb5 a6 6. e5 axb5 7. exf6 Nc6 8. fxe7 Qxe7+ 9. Qe3 Qxe3+ 10. Bxe3 b4 11.
Nbd2 Bg7 12. Nc4 O-O 13. O-O d5 14. Nb6 Ra6 15. Nxd5 Bxb2 16. Rad1 Rxa2 17. Bc5 Re8 18. Nd4 Bxd4 19. Bxd4 Nxd4 20. Rxd4 Kg7 21. Nxb4 Rb2 22. h3 Bf5 23. Rc1 h5 24. Nd3 Bxd3 25. Rxd3 Re2 26. Rd7 b5 27. Rb7 g5 28. Kf1 Rd2 29. g3 b4 30. Rb5 Kg6 31. Kg2 f6 32. Kg1 Rd4 33. Rc5 Rd2 34. Rb5 Rd4 35. Rc5 h4 36. g4 Rd2 37. Rb5 Rd4 38. Rc5 b3 39. Rc3 bxc2 40.
R3xc2 Rb3 41. Rc3 Rb2 42. R3c2 Rb3 43. Rc3 Rb2 44. R3c2 1/2-1/2

[Event "*** Qualifier 4: Titled Tuesday 3|2 Blitz"]
[Site "Chess.com"]
[Date "2017.04.25"]
[Round "9"]
[White "LonesomeGeorge1"]
[Black "Rating-Schmating"]
[Result "1/2-1/2"]
[WhiteElo "2214"]
[BlackElo "2226"]
[TimeControl "180+2"]
[EndTime "14:56:19 PDT"]
[Termination "Game drawn by repetition"]

1. e4 e6 2. Nf3 d5 3. e5 c5 4. b4 b6 5. bxc5 bxc5 6. c3 Nc6 7. Bb5 Qb6 8. a4 Bd7 9. O-O a6 10. Be2 c4 11. Ba3 Bxa3 12. Nxa3 Nge7 13. Re1 Ng6 14. Bf1 O-O 15. Nc2 Qc7 16. Qe2 Rab8 17. Ncd4 Rb2 18. h4 Rfb8 19. h5 Nge7 20. Qe3 h6 21. g4 Nxd4 22. Nxd4 Nc6 23. g5 Nxd4 24. cxd4 hxg5 25. Qxg5 Qd8 26. Qg4 f5 27. exf6 Qxf6 28.
Ra3 R8b3 29. Rxb3 Rxb3 30. Re3 Rxe3 31. fxe3 Bxa4 32. Qg3 Bc2 33. Qd6 Qg5+ 34. Kf2 Qh4+ 35.
Kg1 Bf5 36. Qxa6 Qg3+ 37. Bg2 Be4 38. Qxe6+ Kh7 39. Qh3 Qe1+ 40. Bf1 Qxd2 41. h6 g6 42. Qd7+ Kxh6 43. Qh3+ Kg5 44. Qg3+ Kf6 45. Qd6+ Kg7 46. Qe7+ Kh6 47. Qh4+ Kg7 48. Qe7+ Kh8 49. Qf8+ Kh7 50. Qe7+ Kg8 51. Qe8+ Kg7 52. Qe7+ Kh6 53. Qh4+ Kg7 54.
Qe7+ Kh8 55. Qf8+ Kh7 56. Qe7+ Kh6 57. Qh4+ Kg7 58. Qe7+ 1/2-1/2

[Event "*** Qualifier 4: Titled Tuesday 3|2 Blitz"]
[Site "Chess.com"]
[Date "2017.04.25"]
[Round "9"]
[White "Robin-Side"]
[Black "Mbneu"]
[Result "1-0"]
[WhiteElo "2290"]
[BlackElo "2160"]
[TimeControl "180+2"]
[EndTime "14:56:19 PDT"]
[Termination "Robin-Side won by resignation"]

1. e4 e5 2. f4 Bc5 3. Nf3 d5 4.
Nxe5 dxe4 5. Nxf7 Bf2+ 6. Kxf2 Kxf7 7. Qh5+ g6 8. Bc4+ Kg7 9. Qe5+ Nf6 10. b4 Nc6 11.
Qc3 Nd4 12. Rf1 e3+ 13. Kg1 b5 14. dxe3 Nf5 15. Be2 h5 16. Bb2 Rf8 17. e4 Nh6 18. e5 Nd5 19. Qd4 Nf5 20. Qf2 Be6 21. Nd2 Nxb4 22.
Ne4 Nxc2 23. Rac1 Nce3 24. Rfe1 Qe7 25. Bf3 Nc4 26. Ba1 Rad8 27. Ng5 Rd2 28. Qxa7 h4 29. Qxc7 Qxc7 30. Nxe6+ Kh6 31. Nxc7 Na3 32. Re2 Rd3 33. Be4 Rd4 34. Bxf5 Rxf5 35. Bxd4 b4 36. e6 Rxf4 37. Be3 1-0

[Event "*** Qualifier 4: Titled Tuesday 3|2 Blitz"]
[Site "Chess.com"]
[Date "2017.04.25"]
[Round "9"]
[White "AkshatChandra"]
[Black "GMBenjaminBok"]
[Result "1-0"]
[WhiteElo "2691"]
[BlackElo "2636"]
[TimeControl "180+2"]
[EndTime "14:56:22 PDT"]
[Termination "AkshatChandra won by resignation"]

1. e4 g6 2. d4 Bg7 3. Nc3 d6 4. Be3 a6 5. h4 h5 6. Qd2 b5 7. O-O-O Bb7 8. f3 Nd7 9. Nh3 Ngf6 10. Ng5 e6 11. Kb1 Qe7 12. a3 Rc8 13. Be2 c5 14. dxc5 dxc5 15. Bf4 e5 16. Be3 O-O 17. g4 b4 18.
axb4 cxb4 19. Nd5 Bxd5 20. exd5 b3 21. d6 bxc2+ 22. Qxc2 Qd8 23. Qb3 Rb8 24. Qa2 e4 25. Bd4 hxg4 26. fxe4 Qe8 27. Bd3 Ne5 28. Bc2 Nfd7 29.
Rhf1 Rb4 30. Bc3 Rb6 31. Bb3 Nf3 32. e5 Bxe5 33. Nxf3 Bxc3 34. Ng5 Bf6 35. Rde1 Qb8 36. Bxf7+ Kg7 37. Ne6+ Kh8 38. Rxf6 Nxf6 39. Nxf8 Qxf8 40. d7 Nxd7 41. Re8 1-0

[Event "*** Qualifier 4: Titled Tuesday 3|2 Blitz"]
[Site "Chess.com"]
[Date "2017.04.25"]
[Round "9"]
[White "Makalexa"]
[Black "Ilja_Semjonovs"]
[Result "0-1"]
[WhiteElo "2193"]
[BlackElo "2262"]
[TimeControl "180+2"]
[EndTime "14:56:26 PDT"]
[Termination "Ilja_Semjonovs won by checkmate"]

1. e4 c5 2. Nf3 d6 3. d4 cxd4 4. Nxd4 Nf6 5. Nc3 a6 6. Be3 e5 7. Nb3 Be6 8. Qd2 Be7 9. O-O-O O-O 10. f4 Qc7 11. f5 Bc4 12. g4 Nxg4 13. Rg1 Nxe3 14.
Qxe3 Rc8 15. Qh6 Bf8 16. Bxc4 Qxc4 17. Rxg7+ Bxg7 18. Qg5 f6 19. Qh5 Qf7 20. Qh3 Nc6 21.
Nd5 Rd8 22. Rg1 Kh8 23. c3 Rac8 24. Kb1 Ne7 25. Ne3 d5 26. Rg4 d4 27. cxd4 exd4 28. Ng2 Qc4 29. a3 d3 30. Ka2 d2 31. Rh4 Qg8 32. Ne3 d1=Q 33. Nxd1 Rxd1 34. Qg4 Rd3 35. Rxh7+ Kxh7 36. Kb1 Bh6 37. Qxg8+ Kxg8 38. Nc5 Rxc5 39.
Ka2 Rd2 40. Kb3 Rcc2 41. Ka4 Rxb2 42. e5 Nc6 43. exf6 Rd4# 0-1

[Event "*** Qualifier 4: Titled Tuesday 3|2 Blitz"]
[Site "Chess.com"]
[Date "2017.04.25"]
[Round "9"]
[White "prochn"]
[Black "aRk_iN"]
[Result "1-0"]
[WhiteElo "2210"]
[BlackElo "2107"]
[TimeControl "180+2"]
[EndTime "14:56:26 PDT"]
[Termination "prochn won on time"]

1. d4 Nf6 2. c4 g6 3. g3 Bg7 4. Bg2 d6 5. Nc3 O-O 6. Nf3 c6 7. O-O Nbd7 8. e4 e5 9. h3 Re8 10. Re1 exd4 11. Nxd4 Nc5 12. Rb1 a5 13. Bf4 Nh5 14. Be3 Nf6 15. Qc2 Be6 16. b3 Qd7 17.
Kh2 Rad8 18. Rbd1 Qc7 19. a3 Bc8 20. b4 axb4 21. axb4 Ne6 22. Nb3 c5 23. Nb5 Qb8 24. bxc5 dxc5 25. Nxc5 Nxc5 26. Bxc5 Rxd1 27. Rxd1 Qe5 28.
Bd6 Qh5 29. Nc7 Rd8 30. c5 Bg4 31. Rd3 Be2 32. Rb3 Ng4+ 33. Kg1 Ne5 34. g4 Bxg4 35. hxg4 Nxg4 36. Rxb7 Bf8 37. Nb5 Bxd6 38. Nxd6 Qh2+ 39. Kf1 Ra8 40. Rb1 Qf4 41. Qe2 Ra3 42. Nc4 1-0

[Event "*** Qualifier 4: Titled Tuesday 3|2 Blitz"]
[Site "Chess.com"]
[Date "2017.04.25"]
[Round "9"]
[White "Iball95"]
[Black "hansen"]
[Result "0-1"]
[WhiteElo "2529"]
[BlackElo "2658"]
[TimeControl "180+2"]
[EndTime "14:56:38 PDT"]
[Termination "hansen won by resignation"]

1. e4 c5 2. Nf3 e6 3. g3 Nc6 4.
Bg2 Nf6 5. Qe2 e5 6. O-O Be7 7. Na3 O-O 8. d3 d6 9. Bg5 h6 10. Bxf6 Bxf6 11. c3 g6 12. Nc4 Bg7 13. Nh4 b5 14. Ne3 b4 15. Nd5 Be6 16. Rac1 bxc3 17. bxc3 Rb8 18. Rb1 Qa5 19. Qc2 Kh7 20. f4 exf4 21. gxf4 Bxd5 22. exd5 Ne7 23. c4 Bf6 24.
Nf3 Nf5 25. Rfe1 Rfe8 26. Rxe8 Rxe8 27. Bh3 Bd4+ 28. Kh1 Ne3 29. Qb3 Re7 30. Re1 Nxd5 31. Rxe7 Nxe7 32. Qb7 Bf6 33. Qd7 Kg7 34. Qxd6 Qxa2 35.
Qxc5 Qb1+ 36. Kg2 Qxd3 37. Qxa7 Qxc4 38. Kg3 Nd5 39. Qb8 h5 40. Qd6 Qe4 41. Bg2 Ne3 42.
Bh1 Nf5+ 0-1

[Event "*** Qualifier 4: Titled Tuesday 3|2 Blitz"]
[Site "Chess.com"]
[Date "2017.04.25"]
[Round "9"]
[White "DryCounty"]
[Black "woodhy"]
[Result "0-1"]
[WhiteElo "2475"]
[BlackElo "2413"]
[TimeControl "180+2"]
[EndTime "14:56:38 PDT"]
[Termination "woodhy won by resignation"]

1. e4 e6 2. d4 d5 3. exd5 exd5 4.
Nf3 Bd6 5. c4 c6 6. Nc3 Ne7 7.
Bg5 Be6 8. cxd5 cxd5 9. Bb5+ Nbc6 10. O-O O-O 11. Re1 Qb6 12. h3 Nf5 13. Bxc6 bxc6 14. g4 Ne7 15. Na4 Qa5 16. b3 Ng6 17. Rc1 Rac8 18.
Qd2 Bb4 19. Nc3 c5 20. Be3 c4 21. a3 Qxa3 22. Ra1 Qxb3 23. Rec1 a5 24. Rab1 Qa3 25. Ra1 Bxc3 26. Rxa3 Bxd2 27. Bxd2 Ra8 28. Rxa5 Rxa5 29.
Bxa5 Nf4 30. Kh2 Nd3 31. Rc2 Ra8 32. Bc3 f6 33. Kg3 Ra3 34. Ng1 Nb4 35. Rc1 Na2 36.
Ra1 Rxc3+ 37. f3 Rc2 38. h4 g5 39. Nh3 h6 40. Re1 Kf7 41. Rb1 c3 42. Rb7+ Ke8 43. Rb6 Ke7 44. Rb7+ Bd7 45. f4 gxh4+ 46. Kxh4 Rb2 47.
Rc7 c2 48. f5 c1=Q 49. Rxc1 Nxc1 50. Nf4 Ne2 51. Nxd5+ Kf7 52. Kh5 Nxd4 0-1

[Event "*** Qualifier 4: Titled Tuesday 3|2 Blitz"]
[Site "Chess.com"]
[Date "2017.04.25"]
[Round "9"]
[White "underdogchss"]
[Black "Winehouse83"]
[Result "1-0"]
[WhiteElo "2400"]
[BlackElo "2267"]
[TimeControl "180+2"]
[EndTime "14:56:40 PDT"]
[Termination "underdogchss won by checkmate"]

1. d4 Nf6 2. Nf3 g6 3. c4 Bg7 4.
Nc3 O-O 5. e4 d6 6. Be2 e5 7.
Be3 Ng4 8. Bg5 f6 9. Bh4 g5 10. Bg3 Nh6 11. dxe5 fxe5 12. Qd5+ Kh8 13. h4 g4 14. Ng5 Nc6 15. O-O-O Nd4 16. c5 c6 17. Qxd6 Qe8 18. Bc4 b5 19. cxb6 axb6 20. Rxd4 exd4 21.
Ne2 c5 22. Nf4 d3 23. Nxd3 Ba6 24. Bxa6 Rxa6 25. Be5 Bxe5 26. Nxe5 Ng8 27. Qd5 Nf6 28.
Nef7+ Kg7 29. Qc4 Ra4 30. Qc2 Rxf7 31. e5 Qb5 32. exf6+ Kg8 33. Nxf7 Rc4 34. Nh6+ Kf8 35.
Rd1 Rxc2+ 36. Kxc2 Qc4+ 37. Kb1 Qe4+ 38. Ka1 Qb7 39.
Rd8# 1-0

[Event "*** Qualifier 4: Titled Tuesday 3|2 Blitz"]
[Site "Chess.com"]
[Date "2017.04.25"]
[Round "9"]
[White "Outsmiter"]
[Black "kharov2001"]
[Result "1-0"]
[WhiteElo "2038"]
[BlackElo "1921"]
[TimeControl "180+2"]
[EndTime "14:56:42 PDT"]
[Termination "Outsmiter won on time"]

1. e4 c5 2. Nc3 Nc6 3. f4 g5 4.
fxg5 Bg7 5. Nf3 h6 6. d3 hxg5 7.
Bxg5 Nf6 8. Qd2 a6 9. O-O-O b5 10.
g3 d6 11. Bg2 Bd7 12. h4 Qb6 13. h5 Nxh5 14. Nd5 Qb8 15. Bh3 e6 16. Bg4 exd5 17. Bxh5 d4 18. Qf2 Be6 19. Kb1 Kd7 20. Rdf1 c4 21.
Ne1 Rf8 22. Bf6 Bh6 23. Bxd4 Nxd4 24. Qxd4 Qc7 25. Bxf7 Rxf7 26. Rxf7+ Bxf7 27. Rxh6 Rf8 28. e5 d5 29. Rh7 cxd3 30. Nxd3 Kd8 31. b3 Qd7 32.
Qb6+ Kc8 33. Qxa6+ Kb8 34. Nc5 Qc7 35. Qxb5+ Kc8 36.
Qa6+ Kb8 37. Qb5+ Kc8 38. a4 1-0

[Event "*** Qualifier 4: Titled Tuesday 3|2 Blitz"]
[Site "Chess.com"]
[Date "2017.04.25"]
[Round "9"]
[White "rasmussvane"]
[Black "silverback96"]
[Result "1-0"]
[WhiteElo "2521"]
[BlackElo "2077"]
[TimeControl "180+2"]
[EndTime "14:56:47 PDT"]
[Termination "rasmussvane won by resignation"]

1. Nf3 c5 2. c4 Nc6 3. Nc3 e5 4.
e3 Nf6 5. d4 e4 6. d5 exf3 7.
dxc6 dxc6 8. Qxd8+ Kxd8 9. gxf3 Kc7 10. b3 Be7 11. Bb2 Rd8 12. h4 g6 13. Ne4 Nxe4 14.
fxe4 h5 15. Be5+ Bd6 16. Bf6 Re8 17. f3 Be5 18. Bxe5+ Rxe5 19. Bd3 a5 20. a4 Bd7 21.
Kf2 Rd8 22. Rad1 Re6 23. Bc2 Rd6 24. Rxd6 Kxd6 25. Rd1+ Ke7 26. Kg3 Be6 27. Rxd8 Kxd8 28. Kf4 b5 29. Bd3 bxa4 30. bxa4 Ke7 31. Kg5 Bh3 32.
e5 Be6 33. Be2 Bh3 34. Bd3 Be6 35. Bf1 Bf5 36. e4 Be6 37. Bd3 Bh3 38. Be2 Bg2 39. Kf4 Bh3 40. Kg3 Be6 41. f4 f5 42. exf6+ Kxf6 43. Kf3 Bh3 44. Ke3 Be6 45. Kd3 Ke7 46. Bf3 Kd7 47.
Kc3 Bh3 48. e5 Bf5 49. Be2 Be6 50. Bd3 Bf7 51. Be4 Be8 52. Kc2 Bf7 53. Kd3 Be8 54.
f5 gxf5 55. Bxf5+ Ke7 56. e6 Kf6 57. Ke4 Kg7 58. Ke5 Kg8 59. Kf6 Kf8 60. e7+ Kg8 61. Be6+ 1-0